 Dungeon Crawl Stone Soup version 0.30.0-15-g856e2d3f33 (webtiles) character file.

Game seed: 7808768223304227061

1950 avis the Chiller (level 8, -2/68 HPs)
             Began as a Demigod Ice Elementalist on May 19, 2023.
             Slain by an orc warrior
             ... wielding a +0 glaive
              (17 damage)
             ... on level 6 of the Dungeon.
             The game lasted 01:02:44 (8177 turns).

avis the Chiller (Demigod Ice Elementalist)         Turns: 8177, Time: 01:02:45

Health: -2/68      AC:  8    Str: 15    XL:     8   Next: 66%
Magic:  17/17      EV: 13    Int: 17    God:
Gold:   263        SH:  9    Dex: 18    Spells: 2/15 levels left

rFire   + + .        a - +3 whip (elec)
rCold   . . .        B - +0 buckler
rNeg    . . .        C - +0 leather armour {rF+}
rPois   .            (no helmet)
rElec   .            (no cloak)
rCorr   .            (no gloves)
SInv    .            z - +0 pair of boots
Will    .....        o - amulet of reflection
Stlth   ++           y - ring of protection from fire
HPRegen 0.31/turn    v - ring "Oddahicw" {Wiz Str+2}
MPRegen 0.15/turn

%: reflection, wizardry (x1)
@: ice-armoured
A: high MP 1, forlorn, divine attributes
a: no special abilities


You were on level 6 of the Dungeon.
You visited 2 branches of the dungeon, and saw 7 of its levels.

You collected 263 gold pieces.

Inventory:

Hand Weapons
 a - a +3 whip of electrocution (weapon)
 b - a +0 longbow
 c - a +0 rapier of speed
 A - a +0 sling
 F - a +0 mace of protection
Missiles
 g - 11 boomerangs
 n - 24 poisoned darts (quivered)
 p - 3 datura-tipped darts
Armour
 z - a +0 pair of boots (worn)
 B - a +0 buckler (worn)
 C - a +0 leather armour of fire resistance (worn)
Magical Staves
 w - a staff of cold
Jewellery
 o - an amulet of reflection (around neck)
 v - the ring "Oddahicw" (right hand) {Wiz Str+2}
   (You found it on level 6 of the Dungeon)

   [ring of wizardry]

   It improves your spell success rate.
   Str:       It affects your strength (+2).
 y - a ring of protection from fire (left hand)
Wands
 k - a wand of charming (11)
 u - a wand of mindburst (7)
 E - a wand of flame (20)
Scrolls
 d - a scroll of brand weapon {unknown}
 h - a scroll of silence {unknown}
 j - 2 scrolls of fear {unknown}
 q - 3 scrolls of blinking {unknown}
 s - a scroll of identify {unknown}
 D - a scroll of teleportation {unknown}
 G - a scroll of poison {unknown}
 H - a scroll of fog {unknown}
Potions
 e - a potion of mutation {unknown}
 f - 2 potions of curing {unknown}
 i - 2 potions of lignification
 l - a potion of brilliance {unknown}
 m - 2 potions of magic
 r - 2 potions of haste
 t - a potion of heal wounds {unknown}
 x - a potion of attraction {unknown}
 I - a potion of cancellation


   Skills:
 - Level 5.0 Fighting
 - Level 4.0 Dodging
 - Level 2.0 Stealth
 - Level 4.0 Spellcasting
 * Level 5.8 Fire Magic
 - Level 6.0 Ice Magic


You had 2 spell levels left.
You knew the following spells:

 Your Spells              Type           Power      Damage    Failure   Level
a - Freeze                Ice            92%        1d9       1%          1
c - Scorch                Fire           46%        2d7       1%          2
o - Ozocubu's Armour      Ice            23%        N/A       2%          3
r - Frozen Ramparts       Ice            46%        1d7       2%          3
w - Flame Wave            Conj/Fire      13%        2d6       32%         4

Your spell library contained the following spells:

 Spells                   Type           Power      Damage    Failure   Level
 Blink                    Tloc           6%         N/A       16%         2
 Poisonous Vapours        Pois/Air       6%         N/A       16%         2
 Summon Ice Beast         Ice/Summ       13%        N/A       30%         4
 Mephitic Cloud           Conj/Pois/Air  3%         N/A       32%         3
 Animate Dead             Necr           3%         N/A       69%         4
 Manifold Assault         Tloc           3%         N/A       69%         4
 Freezing Cloud           Conj/Ice/Air   5%         6-21      75%         5
 Borgnjor's Vile Clutch   Necr/Erth      1%         N/A       95%         5
 Death Channel            Necr           1%         N/A       100%        6
 Summon Cactus Giant      Summ           1%         N/A       100%        6
 Storm Form               Tmut/Air       1%         N/A       100%        7


Dungeon Overview and Level Annotations

Branches:
Dungeon (6/15)             Temple (1/1) D:5


Innate Abilities, Weirdness & Mutations

You have an increased reservoir of magic. (+10% MP)
You shall have no god before yourself.
Your divine heritage dramatically boosts your attributes as you level up.


Message History

The orc warrior is poisoned.
The orc warrior is heavily wounded.
The orc warrior hits you from afar with a +0 glaive!
Throw: 29 darts (poison)
Press: ? - help, Q - select action, (/) - cycle Shift-Dir - straight line, f/p - orc warrior
Aim: an orc warrior, wielding a +0 glaive and wearing a +0 plate armour (heavily wounded, poisoned, 63% to hit)
You throw a poisoned dart. The poisoned dart hits the orc warrior.
The orc warrior looks even sicker.
The orc warrior is heavily wounded.
You block the orc warrior's attack.
Throw: 28 darts (poison)
Press: ? - help, Q - select action, (/) - cycle Shift-Dir - straight line, f/p - orc warrior
Aim: an orc warrior, wielding a +0 glaive and wearing a +0 plate armour (severely wounded, very poisoned, 63% to hit)
You throw a poisoned dart. The poisoned dart hits the orc warrior.
The orc warrior looks even sicker.
The orc warrior is severely wounded.
The orc warrior completely misses you.
Throw: 27 darts (poison)
Press: ? - help, Q - select action, (/) - cycle Shift-Dir - straight line, f/p - orc warrior
Aim: an orc warrior, wielding a +0 glaive and wearing a +0 plate armour (severely wounded, very poisoned, 63% to hit)
You throw a poisoned dart. The poisoned dart hits the orc warrior.
The orc warrior is severely wounded.
The orc warrior closely misses you.
Throw: 26 darts (poison)
Press: ? - help, Q - select action, (/) - cycle Shift-Dir - straight line, f/p - orc warrior
Aim: an orc warrior, wielding a +0 glaive and wearing a +0 plate armour (severely wounded, very poisoned, 63% to hit)
You throw a poisoned dart. The poisoned dart hits the orc warrior.
The orc warrior looks as sick as possible!
The orc warrior is severely wounded.
The orc warrior hits you from afar with a +0 glaive.
Throw: 25 darts (poison)
Press: ? - help, Q - select action, (/) - cycle Shift-Dir - straight line, f/p - orc warrior
Aim: an orc warrior, wielding a +0 glaive and wearing a +0 plate armour (severely wounded, extremely poisoned, 63% to hit)
You throw a poisoned dart.
The poisoned dart closely misses the orc warrior.
The orc warrior hits you from afar with a +0 glaive!
* * * LOW HITPOINT WARNING * * *
Magic courses through your body.
The orc warrior hits you from afar with a +0 glaive!
You die...

##### # ## ##...#### ##
..## ##.......###.
#...########...###......
#......................
#.....................
#......>...)..........
#.....................
#....@................
#....)................
##....o................
#......................
#$.....................
#........[.............
#......................
#......(................
##......................


You could see an orc warrior (extremely poisoned).

Vanquished Creatures
  A hornet (D:6)
  Sigmund (D:4)
  Edmund (D:4)
  An orc warrior (D:6)
  An ice beast (D:6)
  2 ogres
  2 phantoms
  A kobold brigand (D:4)
  A bullfrog (D:6)
  A scorpion (D:5)
  2 howler monkeys
  2 orc priests (D:6)
  2 hounds
  A jelly (D:5)
  Terence (D:3)
  3 iguanas (D:5)
  2 sleepcaps (D:6)
  7 orc wizards
  9 adders
  A shadow imp (D:6)
  An ufetubus (D:6)
  5 worms
  24 orcs
  12 ball pythons
  7 bats
  3 endoplasms (D:1)
  7 giant cockroaches
  11 goblins
  4 hobgoblins
  8 jackals
  3 quokkas
  5 frilled lizards
  5 kobolds
  8 rats
145 creatures vanquished.

Notes
Turn   | Place    | Note
-------+----------+-------------------------------------------
     0 | D:1      | avis the Demigod Ice Elementalist began the quest for the
                  | Orb.
     0 | D:1      | Reached XP level 1. HP: 14/14 MP: 5/5
    84 | D:1      | Reached skill level 1 in Fighting
   264 | D:1      | Reached XP level 2. HP: 23/23 MP: 5/7
   681 | D:1      | Reached skill level 4 in Ice Magic
   963 | D:1      | You fall into a shaft and drop 1 floor!
  1072 | D:1      | Reached XP level 3. HP: 28/28 MP: 8/8
  1379 | D:2      | Learned a level 3 spell: Frozen Ramparts
  1507 | D:2      | Learned a level 3 spell: Ozocubu's Armour
  2455 | D:3      | Reached XP level 4. HP: 35/35 MP: 8/10
  2616 | D:3      | Reached skill level 5 in Ice Magic
  2954 | D:3      | Reached XP level 5. HP: 40/40 MP: 5/12
  3428 | D:3      | Noticed Terence
  3441 | D:3      | Killed Terence
  3584 | D:4      | Noticed Edmund
  3879 | D:4      | Reached XP level 6. HP: 45/50 MP: 6/13
  4109 | D:4      | Noticed Sigmund
  4133 | D:4      | Killed Sigmund
  4247 | D:4      | Killed Edmund
  4248 | D:4      | Reached XP level 7. HP: 16/56 MP: 4/16
  4685 | D:5      | Entered Level 5 of the Dungeon
  5001 | D:5      | Found a staircase to the Ecumenical Temple.
  5010 | Temple   | Entered the Ecumenical Temple
  5010 | Temple   | Found a transporter.
  5010 | Temple   | Found a transporter.
  5012 | Temple   | Found a transporter.
  5012 | Temple   | Found a transporter.
  5067 | Temple   | Learned a level 2 spell: Scorch
  5173 | D:5      | Reached skill level 6 in Ice Magic
  5526 | D:5      | Reached skill level 5 in Fighting
  5526 | D:5      | Reached skill level 1 in Fire Magic
  6519 | D:6      | Reached XP level 8. HP: 68/68 MP: 12/17
  7004 | D:6      | Identified the ring "Oddahicw" {Wiz Str+2}
  7528 | D:6      | Noticed a hornet
  7540 | D:6      | Killed a hornet
  7541 | D:6      | Reached skill level 5 in Fire Magic
  7978 | D:6      | Learned a level 4 spell: Flame Wave
  8177 | D:6      | Slain by an orc warrior

Illustrated notes

Levels and vault maps discovered:
D:1:      erik_arrival_triangle_huge, layout_basic
D:2:      layout_basic, basic_altar, chequers_big_river
D:3:      layout_basic, hellmonk_ecumenical_altar_blasted,
          kennysheep_another_room, nicolae_eternal_life, fountainhead,
          uniq_terence
D:4:      layout_rooms, uniq_edmund, uniq_sigmund
D:5:      layout_gridville, lemuel_temple_firewalk_b, abandoned_shop
D:6:      layout_layer_cave
Temple:   hellmonk_temple_divided_pantheon

Skill      XL: |  1  2  3  4  5  6  7  8 |
---------------+-------------------------+-----
Fighting       | 1 2 4 5 |  5.0
Dodging        | 2 3 4 |  4.0
Stealth        | 2 |  2.0
Spellcasting   | 2 3 4 |  4.0
Ice Magic      | 4 5 6 |  6.0
Fire Magic     | 2 5 |  5.8

Action                     |  1- 3 |  4- 6 |  7- 9 || total
---------------------------+-------+-------+-------++-------
  Melee: Dagger            |    11 |       |       ||    11
         Whip              |    33 |    94 |    95 ||   222
  Throw: Dart              |       |    10 |    25 ||    35
   Cast: Freeze            |    55 |    10 |    19 ||    84
         Frozen Ramparts   |     2 |    23 |    21 ||    46
         Ozocubu's Armour  |       |    13 |    26 ||    39
         Scorch            |       |       |    34 ||    34
         Flame Wave        |       |       |     1 ||     1
    Use: Potion            |       |     2 |     2 ||     4
         Scroll            |       |       |     1 ||     1
   Stab: Sleeping          |     8 |     4 |       ||    12
 Armour: Robe              |    14 |    17 |       ||    31
         Leather armour    |       |     9 |    21 ||    30
         Skin              |       |     4 |       ||     4
  Dodge: Dodged            |    41 |    38 |    52 ||   131
  Block: Other             |     7 |    23 |       ||    30
         Buckler           |       |    22 |    46 ||    68
         Reflection        |       |     2 |     1 ||     3
